 Dungeon Crawl Stone Soup version 0.30-a0-777-ga9a30cbeda (webtiles) character file.

Game seed: 12576491909348398877

12265 browni3141 the Skirmisher (level 11, -7/100 HPs)
             Began as a Naga Warper on Feb 14, 2023.
             Was a Priest of Cheibriados.
             Mangled by a death yak (21 damage)
             ... on level 2 of the Lair of Beasts.
             The game lasted 00:49:45 (13277 turns).

browni3141 the Skirmisher (Naga Warper)            Turns: 13277, Time: 00:49:46

Health: -7/100     AC: 11    Str: 22    XL:     11   Next: 90%
Magic:  18/23      EV: 13    Int: 21    God:    Cheibriados [***...]
Gold:   87         SH:  0    Dex: 29    Spells: 4/14 levels left

rFire   + . .      SeeInvis +    b - +2 shortbow (freeze)
rCold   + . .      Faith    .    (shield currently unavailable)
rNeg    . . .      Spirit   .    s - +0 troll leather armour
rPois   +          Reflect  .    y - +2 helmet
rElec   .          Harm     .    P - scarf {rC+ rF+}
rCorr   .          Rampage  .    C - +2 pair of gloves
Will    +....                    (no barding)
Stlth   ++++                     A - amulet of magic regeneration
HPRegen 1.16/turn                h - ring of magical power
MPRegen 0.58/turn                G - +6 ring of dexterity

@: very slow
A: AC +3, large, see invisible, deformed body, poison resistance, slowness 2,
spit poison 1, naga tail 1
a: Spit Poison, Renounce Religion, Bend Time, Temporal Distortion


You were on level 2 of the Lair of Beasts.
You worshipped Cheibriados.
Cheibriados was most pleased with you.
You visited 3 branches of the dungeon, and saw 12 of its levels.
You also visited: Bailey.

You collected 549 gold pieces.
You spent 462 gold pieces at shops.

Inventory:

Hand Weapons
 a - a +7 spear of flaming
 b - a +2 shortbow of freezing (weapon)
 k - a +2 trident of flaming
 n - a +0 spear
 F - a +0 sling
Missiles
 d - 7 boomerangs of dispersal
 j - 7 boomerangs
 z - 10 poisoned darts
 N - a throwing net
Armour
 s - a +0 troll leather armour (worn)
 y - a +2 helmet (worn)
 C - a +2 pair of gloves (worn)
 P - a scarf of resistance (worn)
Jewellery
 e - a ring of fire
 h - a ring of magical power (left hand)
 A - an amulet of magic regeneration (around neck)
 B - a ring of ice
 G - a +6 ring of dexterity (right hand)
 H - a ring of ice
Scrolls
 g - a scroll of magic mapping
 l - a scroll of brand weapon
 r - 3 scrolls of amnesia
 x - 6 scrolls of teleportation
 M - a scroll of silence
 O - a scroll of vulnerability
Potions
 c - 3 potions of mutation
 f - 2 potions of curing
 i - 5 potions of haste
 m - a potion of berserk rage
 o - 4 potions of degeneration {unknown}
 p - a potion of cancellation {unknown}
 q - 5 potions of flight
 w - 2 potions of lignification {unknown}
 E - 2 potions of might {unknown}
 I - a potion of attraction {unknown}
 J - a potion of magic {unknown}
 L - a potion of resistance {unknown}


   Skills:
 - Level 7.0 Fighting
 - Level 5.0 Polearms
 * Level 13.0 Ranged Weapons
 - Level 1.2 Throwing
 - Level 0.9 Armour
 - Level 4.0 Dodging
 - Level 8.0 Stealth
 - Level 2.1 Spellcasting
 - Level 4.0 Translocations
 - Level 4.0 Invocations
 - Level 3.0 Evocations


You had 4 spell levels left.
You knew the following spells:

 Your Spells              Type           Power      Damage    Failure   Level
a - Blink                 Tloc           38%        N/A       4%          2
b - Lesser Beckoning      Tloc           38%        N/A       4%          2
c - Teleport Other        Tloc           19%        N/A       10%         3
d - Vhi's Electric Charg  Tloc/Air       20%        N/A       22%         3

Your spell library contained the following spells:

 Spells                   Type           Power      Damage    Failure   Level
 Necrotise                Necr           8%         1d4       17%         1
 Manifold Assault         Tloc           19%        N/A       32%         4
 Ozocubu's Armour         Ice            2%         N/A       45%         3
 Stone Arrow              Conj/Erth      4%         3d7       45%         3
 Vampiric Draining        Necr           2%         2d6       45%         3
 Animate Armour           Summ/Erth      4%         N/A       86%         4
 Agony                    Necr           2%         N/A       99%         5
 Ozocubu's Refrigeration  Ice            1%         4d7       100%        7
 Lehudib's Crystal Spear  Conj/Erth      1%         10d2      100%        8


Dungeon Overview and Level Annotations

Branches:
Dungeon (9/15)             Temple (1/1) D:4            Lair (2/5) D:8
    Orc (0/2) D:9          Bailey (visited)
  Swamp: Lair:2-3    Shoals: Lair:2-3     Snake: Lair:2-3    Spider: Lair:2-3

Altars:
Ashenzari
Cheibriados
Dithmenos
Elyvilon
Fedhas
Gozag
Hepliaklqana
Kikubaaqudgha
Makhleb
Nemelex Xobeh
Okawaru
Qazlal
Ru
Sif Muna
Trog
Uskayaw
Vehumet
Wu Jian
Xom
Yredelemnul
Zin
The Shining One

Shops:
D:4 [?*

Annotations:
D:7 Maggie
D:8 exclusion: 2 two-headed ogres
Lair:2 exclusion: komodo dragon


Innate Abilities, Weirdness & Mutations

Your serpentine skin is tough. (AC +3)
You have supernaturally acute eyesight. (SInv)
Armour fits poorly on your strangely shaped body.
Your system is resistant to poisons. (rPois)
You cover ground very slowly.
You can spit poison.
You have a snake-like lower body.


Message History

Unknown command.
Casting: Blink (safe; 4% risk of failure)
Confirm with . or Enter, or press ? or * to list all spells.
You blink.
Found 5 gold pieces.
The death yak gores you! The death yak gores you!! x2
* * * LOW HITPOINT WARNING * * *
Okay, then.
Unknown command.
Casting: Blink (safe; 4% risk of failure)
Confirm with . or Enter, or press ? or * to list all spells.
Okay, then.
Unknown command.
Unknown command.
Okay, then.
Unknown command.
Unknown command.
Unknown command.
Okay, then.
Unknown command.
You feel much better.
The death yak gores you but does no damage. x2
The death yak gores the plant!
The death yak closely misses you.
You feel much better.
A nearby plant withers and dies.
The death yak gores you!!
The death yak gores you but does no damage.
The death yak gores you!
As you read the scroll of fear, it crumbles to dust.
You assume a fearsome visage.
The death yak easily resists.
The death yak resists with almost no effort.
The death yak resists with some effort.
The death yak looks frightened! x2
The death yak gores you!!
* * * LOW HITPOINT WARNING * * *
The death yak gores you!
* * * LOW HITPOINT WARNING * * *
You feel better.
You feel stable enough to blink again. The death yak gores you.
* * * LOW HITPOINT WARNING * * *
The death yak gores you!!
You die...

....###.##.........
.# #..#####..####
#P.# #..## ...#
#.P# ..#.# ##†.#
##########..##
#Y...Y.......#
#YY..###.###.#
#@Y.## ### #$.....#
#........#
...........#
##.#..........
####.........
.......### #..#.###


You could see 5 death yaks.

Vanquished Creatures
  2 vault guards (Bailey)
  Joseph (Lair:1)
  2 black mambas (Lair:1)
  A rime drake (Lair:2)
  3 cane toads
  3 komodo dragons
  A troll (D:9)
  Prince Ribbit (Bailey)
  A wyvern (D:7)
  A basilisk (Lair:2)
  14 yaks
  7 humans (Bailey)
  2 steam dragons
  5 water moccasins
  3 orc warriors (D:9)
  An ice beast (D:5)
  3 ogres (D:9)
  A centaur (D:7)
  A kobold brigand (D:9)
  3 gnoll sergeants
  A scorpion (D:5)
  14 bullfrogs
  5 wights (D:9)
  5 killer bees (D:9)
  3 howler monkeys
  3 hounds
  7 orc priests
  5 iguanas
  A jelly (D:4)
  7 orc wizards
  Robin (D:4)
  20 gnolls
  8 adders
  3 shadow imps
  A white imp (D:7)
  4 worms
  4 dart slugs
  58 orcs
  2 bats (D:3)
  2 bat zombies (D:5)
  11 endoplasms
  8 giant cockroaches
  17 goblins
  11 hobgoblins
  3 jackals (D:1)
  4 quokkas
  5 ball pythons
  6 frilled lizards
  6 kobolds
  11 rats
  3 rat zombies (D:5)
295 creatures vanquished.

Vanquished Creatures (collateral kills)
  An orc warrior (D:6)
  A jelly (D:4)
  An ufetubus (D:6)
3 creatures vanquished.

Vanquished Creatures (others)
  4 fungi (Lair:1)
  4 plants
8 creatures vanquished.

Grand Total: 306 creatures vanquished

Notes
Turn   | Place    | Note
-------+----------+-------------------------------------------
     0 | D:1      | browni3141 the Naga Warper began the quest for the Orb.
     0 | D:1      | Reached XP level 1. HP: 19/19 MP: 3/3
     1 | D:1      | Found a runed translucent door.
    37 | D:1      | Reached skill level 1 in Throwing
   119 | D:1      | Reached XP level 2. HP: 26/26 MP: 5/5
   184 | D:1      | Found a faded altar of an unknown god.
   276 | D:1      | Learned a level 2 spell: Blink
   279 | D:1      | Learned a level 2 spell: Lesser Beckoning
   479 | D:1      | Reached skill level 1 in Stealth
   621 | D:1      | Reached XP level 3. HP: 32/32 MP: 6/6
  1033 | D:2      | Reached XP level 4. HP: 15/40 MP: 7/7
  1975 | D:3      | Reached XP level 5. HP: 18/49 MP: 8/8
  2466 | D:3      | Reached skill level 1 in Ranged Weapons
  2729 | D:4      | Reached skill level 2 in Ranged Weapons
  2857 | D:4      | Reached XP level 6. HP: 56/56 MP: 9/9
  2880 | D:4      | Found Plog's Antique Armour Boutique.
  3123 | D:4      | Reached skill level 3 in Ranged Weapons
  3275 | D:4      | Found Mammuzikh's Magic Scroll Shoppe.
  3338 | D:4      | Found a staircase to the Ecumenical Temple.
  3415 | Temple   | Entered the Ecumenical Temple
  3748 | D:4      | Noticed Robin
  3791 | D:4      | Killed Robin
  3964 | D:4      | Reached skill level 4 in Ranged Weapons
  4159 | D:4      | Found Sowniatt's General Store.
  4491 | D:5      | Entered Level 5 of the Dungeon
  4536 | D:5      | Reached XP level 7. HP: 60/62 MP: 10/10
  4878 | D:5      | Reached skill level 5 in Ranged Weapons
  5094 | D:5      | Found an ancient bone altar of Kikubaaqudgha.
  5651 | D:6      | Reached XP level 8. HP: 72/72 MP: 11/11
  5689 | D:6      | Reached skill level 6 in Ranged Weapons
  6596 | D:6      | Found a glowing golden altar of the Shining One.
  6756 | D:6      | Reached skill level 5 in Fighting
  6940 | D:6      | Reached skill level 7 in Ranged Weapons
  6995 | D:7      | Noticed a wyvern
  7090 | D:7      | Killed a wyvern
  7253 | D:7      | Reached skill level 5 in Polearms
  7253 | D:7      | Reached XP level 9. HP: 64/81 MP: 12/12
  7799 | D:7      | Noticed Maggie
  8500 | D:8      | Noticed a two-headed ogre
  8504 | D:8      | Noticed a two-headed ogre
  8606 | D:8      | Found a snail-covered altar of Cheibriados.
  8615 | D:8      | Became a worshipper of Cheibriados the Contemplative
  8668 | D:8      | Found a staircase to the Lair.
  8683 | D:8      | Found a flagged portal.
  8693 | Bailey   | Entered a bailey
  8735 | Bailey   | Reached skill level 1 in Invocations
  8735 | Bailey   | Reached skill level 1 in Evocations
  9127 | Bailey   | Reached * piety under Cheibriados
  9128 | Bailey   | Reached skill level 8 in Ranged Weapons
  9265 | Bailey   | Noticed Prince Ribbit
  9272 | Bailey   | Noticed a vault guard
  9282 | Bailey   | Noticed a vault guard
  9295 | Bailey   | Killed a vault guard
  9296 | Bailey   | Reached XP level 10. HP: 71/94 MP: 13/13
  9296 | Bailey   | Killed Prince Ribbit
  9297 | Bailey   | Reached skill level 9 in Ranged Weapons
  9306 | Bailey   | Killed a vault guard
  9506 | D:8      | Reached skill level 10 in Ranged Weapons
  9510 | D:8      | Learned a level 3 spell: Teleport Other
  9514 | D:8      | Learned a level 3 spell: Vhi's Electric Charge
  9838 | D:8      | Reached skill level 5 in Stealth
 10378 | D:9      | Reached ** piety under Cheibriados
 10513 | D:9      | Found a staircase to the Orcish Mines.
 11257 | D:9      | Reached XP level 11. HP: 94/100 MP: 14/14
 11299 | D:9      | Reached *** piety under Cheibriados
 11636 | D:4      | Bought a scarf of resistance for 352 gold pieces
 11777 | Lair:1   | Entered Level 1 of the Lair of Beasts
 11858 | D:8      | Reached skill level 11 in Ranged Weapons
 12085 | Lair:1   | Noticed Joseph
 12094 | Lair:1   | Reached **** piety under Cheibriados
 12234 | Lair:1   | Reached skill level 12 in Ranged Weapons
 12244 | Lair:1   | Killed Joseph
 12935 | D:4      | Bought 2 potions of heal wounds for 110 gold pieces
 13258 | Lair:2   | Noticed a death yak
 13264 | Lair:2   | Reached skill level 13 in Ranged Weapons
 13264 | Lair:2   | Noticed a death yak
 13265 | Lair:2   | Noticed a death yak
 13268 | Lair:2   | Noticed a death yak
 13268 | Lair:2   | Noticed a death yak
 13277 | Lair:2   | Mangled by a death yak

Illustrated notes

Levels and vault maps discovered:
D:1:      dpeg_arrival_caged_fury, layout_loops_ring,
          ebering_ecumenical_altar_petrified
D:2:      minmay_spotlight, layout_rooms
D:3:      kennysheep_big_flooded_room, layout_basic
D:4:      layout_loops_ring, temple_statues, serial_shops, shop, shop,
          shop_scrolls, uniq_robin
D:5:      layout_basic, lemuel_zombie_altar_kikubaaqudgha
D:6:      layout_basic, mainiacjoe_overflow_cross_hatched, serial_curves,
          eino_curves_03, eino_curves_03, eino_curves_03, eino_curves_01
D:7:      layout_layer_cave, uniq_maggie
D:8:      layout_gridville, cheibriados_altar_1, dpeg_oklobed_lair,
          enter_bailey_6
D:9:      layout_basic, kennysheep_orc_monster_closet_entryway
Temple:   compressed_dpeg_triangle_lava_temple
Lair:1:   layout_long_grid, grunt_megastairs_4, uniq_joseph
Lair:2:   layout_loops_ring, swamp_mist_pool, grunt_megastairs_3

Skill      XL: |  1  2  3  4  5  6  7  8  9 10 11 |
---------------+----------------------------------+-----
Throwing       | 1 |  1.2
Stealth        | 1 2 3 4 8 |  8.0
Fighting       | 3 4 5 7 |  7.0
Translocations | 4 |  4.0
Ranged Weapons | 2 4 5 7 8 10 13 | 13.0
Polearms       | 5 |  5.0
Invocations    | 4 |  4.0
Evocations     | 3 |  3.0
Dodging        | 4 |  4.0
Armour         | |  0.9
Spellcasting   | |  2.1

Action                     |  1- 3 |  4- 6 |  7- 9 | 10-12 || total
---------------------------+-------+-------+-------+-------++-------
  Melee: Spear             |    85 |    11 |    78 |    28 ||   202
         Trident           |       |    97 |   136 |       ||   233
         Punch             |       |       |     7 |     1 ||     8
   Fire: Sling             |       |   125 |    97 |       ||   222
         Shortbow          |       |       |    81 |   401 ||   482
   Cast: Blink             |     3 |    10 |    25 |    30 ||    68
         Lesser Beckoning  |       |     1 |       |       ||     1
 Invoke: Bend Time         |       |       |       |     2 ||     2
         Slouch            |       |       |       |     1 ||     1
Ability: Spit Poison       |    39 |    62 |    62 |    18 ||   181
  Evoke: Wand              |       |       |    24 |     7 ||    31
    Use: Scroll            |     1 |    10 |     9 |    12 ||    32
         Potion            |       |     1 |     1 |     3 ||     5
   Stab: Sleeping          |       |     3 |     1 |       ||     4
         Distracted        |       |       |     2 |       ||     2
 Armour: Leather armour    |    21 |    41 |   158 |    43 ||   263
         Troll leather arm |       |       |       |    36 ||    36
         Skin              |       |       |       |     5 ||     5
  Dodge: Dodged            |    33 |    82 |   151 |   135 ||   401

Table legend: (Time is in decaauts)
 A = Elapsed time spent in this place.
 B = Non-inter-level travel time spent in this place.
 C = Inter-level travel time spent in this place.
 D = Time resting spent in this place.
 E = Time spent auto-exploring this place.
 F = Levels seen in this place.
 G = Mean time per level.
                   A        B        C        D        E       F      G
               +--------+--------+--------+--------+--------+-----+--------+
         Total |  18557 |  16515 |   2042 |   1651 |  11342 |  13 | 1427.5 |
       Dungeon |  15008 |  13221 |   1787 |   1307 |   9232 |   9 | 1667.6 |
        Temple |    377 |    356 |     21 |      0 |    336 |   1 |  377.0 |
          Lair |   2346 |   2112 |    234 |     34 |   1765 |   2 | 1173.0 |
        Bailey |    825 |    825 |      0 |    308 |      8 |   1 |  825.0 |
               +--------+--------+--------+--------+--------+-----+--------+

Top non-repeatable levels by time:
     D:7: 2291 daAuts
     D:8: 2197 daAuts
     D:4: 2144 daAuts
  Lair:1: 1994 daAuts
     D:6: 1766 daAuts
     D:9: 1647 daAuts
     D:5: 1469 daAuts
     D:1: 1258 daAuts
     D:3: 1174 daAuts
     D:2: 1058 daAuts
  Bailey: 825 daAuts
  Temple: 377 daAuts
  Lair:2: 351 daAuts
